AoeStats
← 『a』『n』『d』『y』

Arena

510100617Analyzed
1v1 RM · 4d ago on Sep 29, 2026· 46m 56s· 2 players
Game mode
Random Map
Map size
Tiny (2 player)
Population
200
Speed
Normal
Resources
Standard
Victory
Conquest
Starting age
Dark Age
Ending age
Imperial Age
RankedLock teamsTeams togetherTeam positionsShared explorationLock speedFull tech treeHidden civsTurbo modeCheats
Victory
Defeat
🇨🇴 Italians · Colombia
945
+16
🇬🇧 Bohemians · United Kingdom
939
-16
『a』『n』『d』『y』
9:29 Loom
11:17 Feudal Age
12:42 Double-Bit Axe
12:38 Horse Collar
16:20 Castle Age
14:08 Loom
16:39 Scale Barding Armor
17:26 Bow Saw
17:08 Light Cavalry
25:22 Wheelbarrow
26:40 Fervor
26:56 Hand Cart
26:27 Town Watch
29:58 Imperial Age
28:36 Sanctity
28:43 Town Patrol
30:01 Ballistics
30:41 Chemistry
29:51 Heavy Plow
30:25 Masonry
30:12 Murder Holes
31:25 Illumination
31:18 Block Printing
31:14 Houfnice
33:33 Architecture
33:25 Ballistics
33:34 Scale Mail Armor
33:44 Forging
33:05 Pikeman
33:46 Squires
33:32 Arson
35:04 Conscription
35:15 Husbandry
35:36 Chain Mail Armor
36:01 Halberdier
40:17 Wagenburg Tactics
41:46 Heavy Scorpion
kevin.adhira19
0:36 Loom
12:20 Feudal Age
12:53 Double-Bit Axe
13:47 Wheelbarrow
14:35 Horse Collar
23:15 Castle Age
21:43 Fletching
23:37 Padded Archer Armor
25:05 Bow Saw
24:57 Heavy Plow
24:19 Crossbowman
25:08 Bodkin Arrow
25:56 Ballistics
26:24 Leather Archer Armor
26:33 Gold Mining
31:26 Imperial Age
29:26 Stone Mining
31:29 Fortified Wall
31:33 Masonry
33:14 Chemistry
32:17 Bracer
32:48 Ring Archer Armor
35:34 Treadmill Crane
38:15 Forging
38:11 Scale Barding Armor
37:52 Light Cavalry
42:58 Iron Casting
42:43 Chain Barding Armor
Connection lost

Rejoining the realm…

Still unreachable

The connection could not be restored.

Session expired

The server has moved on; the page needs a fresh start.